 Dungeon Crawl Stone Soup version 0.19.0-26-g9e9c210 (webtiles) character file.

3059 Monsterracer the Destroyer (level 9, -5/50 HPs)
             Began as a Deep Elf Conjurer on Nov 23, 2016.
             Was an Initiate of Vehumet.
             Slain by a killer bee (6 damage)
             ... on level 7 of the Dungeon.
             The game lasted 00:26:30 (9206 turns).

Monsterracer the Destroyer (Deep Elf Conjurer)      Turns: 9206, Time: 00:26:31

Health: -5/50      AC:  6    Str:  7      XL:     9   Next: 57%
Magic:  8/20       EV: 16    Int: 22      God:    Vehumet [......]
Gold:   341        SH:  0    Dex: 14 (15) Spells: 4 memorised, 9 levels left

rFire  . . .     SeeInvis .     h - +2 short sword (holy)
rCold  . . .     Gourm    +     l - +3 leather armour {MR+}
rNeg   . . .     Faith    .     (no shield)
rPois  +         Spirit   .     (no helmet)
rElec  .         Reflect  .     (no cloak)
rCorr  .         Harm     .     (no gloves)
MR     +....                    (no boots)
Stlth  ++........               f - amulet of the gourmand
                                x - ring of poison resistance
                                s - +2 ring of evasion

@: lethally poisoned (-5 -> -6)
A: no striking features
a: Renounce Religion


You were on level 7 of the Dungeon.
You worshipped Vehumet.
Vehumet was noncommittal.
You were completely stuffed.

You visited 2 branches of the dungeon, and saw 8 of its levels.

You collected 341 gold pieces.

Inventory:

Hand Weapons
 h - a +2 short sword of holy wrath (weapon)
Armour
 l - a +3 leather armour of magic resistance (worn)
Jewellery
 d - an uncursed ring of protection from fire
 f - an amulet of the gourmand (around neck)
 s - a +2 ring of evasion (left hand)
 x - a ring of poison resistance (right hand)
Wands
 a - a wand of iceblast (6/15)
 n - a wand of iceblast (8/15)
 p - a wand of lightning (14/15)
Scrolls
 e - 4 scrolls of teleportation {unknown}
 g - 2 scrolls of identify
 i - 2 scrolls of enchant armour
 m - 3 scrolls of remove curse {unknown}
Comestibles
 b - 3 beef jerkies
 c - 6 bread rations
 t - a slice of pizza
 w - 2 meat rations


   Skills:
 + Level 3.0 Fighting
 + Level 3.6 Short Blades
 + Level 5.1 Dodging
 - Level 2.4 Stealth
 + Level 6.5 Spellcasting
 * Level 11.0 Conjurations
 * Level 7.2 Charms


You had 9 spell levels left.
You knew the following spells:

 Your Spells              Type           Power        Failure   Level  Hunger
a - Magic Dart            Conj           ####         1%          1    None
b - Searing Ray           Conj           ######       1%          2    None
c - Iskenderun's Mystic   Conj           ######..     1%          4    ###....
d - Iskenderun's Battles  Conj/Chrm      #####...     12%         5    #####..


Dungeon Overview and Level Annotations

Branches:
Dungeon (7/15)             Temple (1/1) D:7

Altars:
Ashenzari
Cheibriados
Dithmenos
Elyvilon
Fedhas
Gozag
Hepliaklqana
Kikubaaqudgha
Makhleb
Nemelex Xobeh
Okawaru
Qazlal
Ru
Sif Muna
Trog
Uskayaw
Vehumet
Xom
Yredelemnul
Zin
The Shining One


Message History

a tomahawk; a robe; a dagger You feel sick.
The killer bee stings you but does no damage.
Wield which item (- for none, * to show all)? (? for menu, Esc to quit)
You don't have any such object.
Wield which item (- for none, * to show all)? (? for menu, Esc to quit)
Okay, then.
You aren't carrying any potions.
The killer bee stings you.
* * * LOW HITPOINT WARNING * * *
The killer bee misses you.
You feel sick. The killer bee closely misses you. The killer bee stings you.
* * * LOW HITPOINT WARNING * * *
As you read the scroll labeled YNNUMNAPSU, it crumbles to dust.
It is a scroll of enchant armour.
Your +2 leather armour of magic resistance glows green for a moment.
* * * LOW HITPOINT WARNING * * *
You feel sick. The killer bee stings you.
You die...

.....g##### #.# #.(.#
##...## #.# ###.######
#...##### #.# #(.....#
#.#..o.o### #.#
#......# #.#####...##
#.### #......# #.###
###..## #...# #Hh....#
....# ##..#####.#
#..)...# ###.#
##.......# #....).#
.##.# ######@.#
#......##### ..#.#
##y####[..........
..#.#
#F...()..........
..).#######
##.##............
..#.......#
#.######........
..#.......########..##
####.....
.##.............###..#
#(....
###.......#####......#
#..... ........>.#
######## #.....


You could see a bullfrog and a killer bee.

Vanquished Creatures
  A hungry ghost (D:7)
  An orc warrior (D:6)
  An ice beast (D:5)
  3 sky beasts
  5 ogres
  3 centaurs
  2 bullfrogs (D:6)
  A scorpion (D:5)
  3 killer bees (D:7)
  2 howler monkeys (D:6)
  8 wights
  3 crimson imps
  3 jellies (D:6)
  A bullfrog zombie (D:5)
  A quasit (D:7)
  4 hounds
  A centaur skeleton (D:6)
  4 orc wizards
  2 iguanas (D:6)
  10 worker ants
  A worker ant zombie (D:5)
  7 gnolls
  12 adders
  3 oozes
  2 adder zombies
  An adder skeleton (D:4)
  4 leopard geckos
  19 orcs
  11 bats
  6 giant cockroaches
  4 goblins
  7 hobgoblins
  12 jackals
  4 quokkas
  3 ball pythons
  3 frilled lizards
  5 kobolds
  6 rats
169 creatures vanquished.

Notes
Turn   | Place    | Note
-------+----------+-------------------------------------------
     0 | D:1      | Monsterracer the Deep Elf Conjurer began the quest for the Orb.
     0 | D:1      | Reached XP level 1. HP: 10/10 MP: 6/6
   180 | D:1      | Reached XP level 2. HP: 15/15 MP: 4/8
   218 | D:1      | Learned a level 2 spell: Searing Ray
   312 | D:1      | Reached skill level 5 in Conjurations
   896 | D:2      | Reached XP level 3. HP: 19/19 MP: 6/9
  1522 | D:2      | Reached skill level 6 in Conjurations
  2197 | D:3      | Reached XP level 4. HP: 24/24 MP: 7/10
  2226 | D:3      | Learned a level 4 spell: Iskenderun's Mystic Blast
  2846 | D:3      | Found a shadowy altar of Dithmenos.
  2978 | D:3      | Found an iron altar of Okawaru.
  2992 | D:3      | Found a snail-covered altar of Cheibriados.
  3364 | D:4      | Noticed an ogre
  3371 | D:4      | Killed an ogre
  3371 | D:4      | Reached skill level 7 in Conjurations
  3371 | D:4      | Reached XP level 5. HP: 28/28 MP: 3/11
  3462 | D:4      | Found a blossoming altar of Fedhas.
  3593 | D:4      | Found a sparkling altar of Nemelex Xobeh.
  3796 | D:4      | Found a glowing silver altar of Zin.
  4063 | D:4      | Found a deep blue altar of Sif Muna.
  4233 | D:5      | Entered Level 5 of the Dungeon
  4239 | D:5      | Reached skill level 8 in Conjurations
  4239 | D:5      | Reached XP level 6. HP: 31/32 MP: 5/12
  4632 | D:5      | Reached skill level 9 in Conjurations
  4800 | D:5      | Reached XP level 7. HP: 36/36 MP: 8/13
  4849 | D:5      | Learned a level 5 spell: Iskenderun's Battlesphere
  5111 | D:5      | Reached skill level 1 in Charms
  5126 | D:5      | Found a blossoming altar of Fedhas.
  5270 | D:5      | Reached skill level 1 in Short Blades
  5522 | D:5      | Reached skill level 10 in Conjurations
  5659 | D:5      | Reached XP level 8. HP: 42/42 MP: 5/15
  5755 | D:5      | Reached skill level 1 in Fighting
  5871 | D:6      | Learned a level 5 spell: Iskenderun's Battlesphere
  6652 | D:6      | Reached skill level 5 in Charms
  6854 | D:6      | Reached skill level 5 in Spellcasting
  6926 | D:6      | Found an ancient bone altar of Kikubaaqudgha.
  6926 | D:6      | Found a faded altar of an unknown god.
  6931 | D:6      | Found a faded altar of an unknown god.
  6933 | D:6      | Found a faded altar of an unknown god.
  6935 | D:6      | Found a faded altar of an unknown god.
  7048 | D:6      | Reached XP level 9. HP: 18/48 MP: 0/19
  7319 | D:6      | Found a hide-covered altar of Uskayaw.
  7319 | D:6      | Noticed a dagger
  7319 | D:6      | Noticed a dagger
  7569 | D:7      | Found a staircase to the Ecumenical Temple.
  7574 | Temple   | Entered the Ecumenical Temple
  7677 | Temple   | Became a worshipper of Vehumet
  8065 | D:7      | Found a glowing golden altar of the Shining One.
  8804 | D:6      | Reached skill level 5 in Dodging
  8814 | D:6      | Reached skill level 11 in Conjurations
  9205 | D:7      | HP: 2/50 [killer bee (4)]
  9206 | D:7      | Slain by a killer bee

Skill      XL: |  1  2  3  4  5  6  7  8  9 |
---------------+----------------------------+-----
Conjurations   | 5 6 7 8 9 10 11 | 11.0
Charms         | 3 5 7 |  7.2
Short Blades   | 1 2 3 |  3.6
Dodging        | 3 4 5 |  5.1
Fighting       | 2 3 |  3.0
Spellcasting   | 5 6 |  6.5
Stealth        | |  2.4

Action                   |  1- 3 |  4- 6 |  7- 9 || total
-------------------------+-------+-------+-------++-------
Melee: Unarmed           |     2 |       |       ||     2
       Short sword       |       |     8 |    28 ||    36
 Cast: Magic Dart        |    65 |    82 |   220 ||   367
       Searing Ray       |     1 |    11 |    31 ||    43
       Iskenderun's Myst |       |     2 |       ||     2
       Iskenderun's Batt |       |       |     7 ||     7
Evoke: Wand              |       |       |     1 ||     1
  Use: Potion            |     4 |     3 |     4 ||    11
       Scroll            |       |       |     8 ||     8
  Eat: Chunk             |     5 |    15 |    22 ||    42
Armor: Robe              |     2 |     7 |     2 ||    11
       Leather armour    |       |       |    27 ||    27
Dodge: Dodged            |    10 |    23 |   104 ||   137
